 Dungeon Crawl Stone Soup version 0.22.0-40-g68aacdc (webtiles) character file.

83 Lew the Sneak (level 4, 0/31 HPs)
             Began as an Octopode Fighter on Sept 2, 2018.
             Killed from afar by an orc wizard (5 damage)
             ... with a magic dart
             ... on level 3 of the Dungeon.
             The game lasted 00:03:14 (1947 turns).

Lew the Sneak (Octopode Fighter)                    Turns: 1947, Time: 00:03:17

Health: 0/31       AC:  1    Str: 15    XL:     4   Next: 44%
Magic:  4/4        EV: 12    Int: 10    God:
Gold:   79         SH:  8    Dex: 12    Spells: 3/3 levels left

rFire    . . .     SeeInvis .   a - +0 war axe
rCold    . . .     Gourm    .   b - +0 shield
rNeg     . . .     Faith    .   (helmet restricted)
rPois    .         Spirit   .   (no amulet)
rElec    .         Reflect  .   (no ring)
rCorr    .         Harm     .   (no ring)
MR       .....                  (no ring)
Stlth    ++++......             (no ring)
HPRegen  0.10/turn              (no ring)
MPRegen  0.09/turn              (no ring)
                                (no ring)
                                (no ring)

@: no status effects
A: almost no armour, stealthy swim, amphibious, 8 rings, constrict 8, camouflage
1, gelatinous body 1
a: no special abilities


You were on level 3 of the Dungeon.
You were not hungry.

You visited 1 branch of the dungeon, and saw 3 of its levels.

You collected 79 gold pieces.

Inventory:

Hand Weapons
 a - a +0 war axe (weapon)
Armour
 b - a +0 shield (worn)
Scrolls
 e - 2 scrolls of remove curse
 j - 2 scrolls of immolation {unknown}
Potions
 c - a potion of might
 f - a potion of brilliance {unknown}
 g - 2 potions of curing {unknown}
 h - a potion of mutation {unknown}
 i - a potion of lignification {unknown}
 k - a potion of agility {unknown}
Comestibles
 d - 6 rations
 l - 2 chunks of flesh


   Skills:
 + Level 3.2 Fighting
 + Level 2.3 Axes
 + Level 3.2 Dodging
 + Level 4.5 Stealth
 + Level 3.2 Shields


You had 3 spell levels left.
You didn't know any spells.
Your spell library contained the following spells:

 Spells                   Type           Power        Failure   Level  Hunger
 Magic Dart               Conj           #...         86%         1    ##.....
 Summon Small Mammal      Summ           #...         86%         1    ##.....
 Blink                    Tloc           N/A          95%         2    ###....
 Call Imp                 Summ           #.......     95%         2    ###....
 Slow                     Hex            #.......     95%         2    ###....
 Call Canine Familiar     Summ           #.......     99%         3    ####...
 Conjure Flame            Conj/Fire      #.......     99%         3    ####...
 Mephitic Cloud           Conj/Pois/Air  #.......     99%         3    ####...
 Summon Guardian Golem    Hex/Summ       #.......     99%         3    ####...
 Summon Ice Beast         Ice/Summ       #.......     100%        4    #####..
 Summon Lightning Spire   Summ/Air       #.......     100%        4    #####..


Dungeon Overview and Level Annotations

Branches:
Dungeon (3/15)

Altars:
Cheibriados
Xom


Innate Abilities, Weirdness & Mutations

You cannot wear most types of armour.
You are very stealthy in the water. (Stealth+)
You are amphibious.
You can wear up to eight rings at the same time.
You can use your tentacles to constrict eight enemies at once.
Your skin changes colour to match your surroundings (Stealth+).
Your rubbery body absorbs attacks. (AC +1, EV +1)


Message History

No target in view!
You closely miss something. You squeeze something. Something hits you.
You hit something. You squeeze something. Something barely misses you.
You hear some strange, mumbled words.
The orc hits you with a mace.
Your shield prevents you from hitting something.
You closely miss the orc.
Something hits you. x2; You block the orc's attack.
You closely miss something. You hit the orc but do no damage.
Something hits you but does no damage. Something hits you.
* * * LOW HITPOINT WARNING * * *
The orc hits you with a mace.
* * * LOW HITPOINT WARNING * * *
Something hits you but does no damage.
You barely miss something. You closely miss the orc. Something hits you.
* * * LOW HITPOINT WARNING * * *
The orc misses you.
You hear some strange, mumbled words.
A magic dart appears from out of thin air!
The magic dart hits you!
You die...

.# .# ..... # .+ . .... .. .#
..# #... #.# .####.### #...
#####.# ........# #...
.....###### ........##+#...
#.........#
........#.....)###.........#
........#.....){@.........(#
........#.....)o#..........#
).......#.......#..........#
......<.+.......#####....).###
......###......#### #........#
......# #...... ..###......#.#
.......##..#### #.#........#
.......##...# #.#........+
.......##.[.# #..........#


You could see an orc.

Vanquished Creatures
  2 adders
  A worm (D:2)
  2 dart slugs
  A leopard gecko (D:1)
  6 orcs (D:3)
  4 ball pythons
  A giant cockroach (D:1)
  7 goblins
  5 hobgoblins
  A quokka (D:2)
  7 bats
  3 frilled lizards (D:1)
  6 kobolds
  7 rats
53 creatures vanquished.

Notes
Turn   | Place    | Note
-------+----------+-------------------------------------------
     0 | D:1      | Lew the Octopode Fighter began the quest for the Orb.
     0 | D:1      | Reached XP level 1. HP: 16/16 MP: 1/1
   371 | D:1      | Reached skill level 1 in Stealth
   379 | D:1      | Reached XP level 2. HP: 21/21 MP: 2/2
   412 | D:1      | Reached skill level 2 in Stealth
   948 | D:1      | Reached skill level 3 in Stealth
   979 | D:1      | Reached XP level 3. HP: 24/26 MP: 3/3
  1355 | D:2      | Reached skill level 4 in Stealth
  1553 | D:2      | Found a shimmering altar of Xom.
  1555 | D:2      | Found a bloodstained altar of Trog.
  1555 | D:2      | Found a snail-covered altar of Cheibriados.
  1558 | D:2      | Found a shattered altar of Ashenzari.
  1558 | D:2      | Found a shattered altar of Ashenzari.
  1558 | D:2      | Found a burning altar of Makhleb.
  1600 | D:2      | Reached XP level 4. HP: 31/31 MP: 4/4
  1878 | D:3      | Found a snail-covered altar of Cheibriados.
  1947 | D:3      | Killed from afar by an orc wizard

Skill      XL: |  1  2  3 |
---------------+----------+-----
Stealth        | 1 3 4 |  4.5
Fighting       | |  3.2
Axes           | |  2.3
Dodging        | |  3.2
Shields        | |  3.2

Action                   |  1- 3 |  4- 6 || total
-------------------------+-------+-------++-------
Melee: War axe           |    79 |    20 ||    99
       Constrict         |    17 |     5 ||    22
       Tentacles         |    10 |     3 ||    13
  Use: Scroll            |     3 |       ||     3
       Potion            |     1 |       ||     1
 Stab: Sleeping          |    16 |     2 ||    18
  Eat: Chunk             |     2 |     1 ||     3
Armor: Skin              |     7 |       ||     7
Dodge: Dodged            |    25 |     9 ||    34
Block: Shield            |    25 |     7 ||    32
